AoeStats
← tom-gonz

MegaRandom

507602756Analyzed
4v4 RM · 12d ago on Sep 19, 2026· 36m 58s· 8 players
Game mode
Random Map
Map size
Large (8 player)
Population
200
Speed
Normal
Resources
Standard
Victory
Conquest
Starting age
Dark Age
Ending age
Imperial Age
RankedLock teamsTeams togetherTeam positionsShared explorationLock speedFull tech treeHidden civsTurbo modeCheats
Victory
Defeat
🇵🇹 Spanish · Portugal
1736
+8
🇵🇹 Teutons · Portugal
1673
+10
🇵🇹 Wu · Portugal
1660
+11
🇵🇹 Romans · Portugal
1655
+11
🇦🇷 Mongols · Argentina
1581
-11
🇨🇿 Dravidians · Czechia
1573
-11
🇺🇸 Portuguese · United States
1544
-10
🇲🇽 Armenians · Mexico
1498
-8
CAXCAN
0:33 Loom
10:06 Feudal Age
14:33 Castle Age
13:49 Fletching
14:47 Double-Bit Axe
15:48 Medium Warships
18:57 Bodkin Arrow
20:09 Demolition Ship
27:06 Pikeman
29:37 Scale Mail Armor
32:19 Squires
32:06 Gambesons
The Quadfather
0:30 Loom
10:13 Feudal Age
13:57 Castle Age
12:10 Double-Bit Axe
12:06 Horse Collar
13:00 Fishing Lines
15:03 Medium Warships
16:44 Bow Saw
16:38 Fletching
19:12 Bodkin Arrow
21:09 Heavy Plow
24:13 Ballistics
30:18 Imperial Age
30:23 Elite Caravel
32:26 Bracer
35:20 Chemistry
34:24 Town Watch
36:02 Wheelbarrow
35:53 Town Patrol
Bananaman651
0:26 Loom
8:43 Feudal Age
9:28 Double-Bit Axe
16:14 Fletching
21:05 Castle Age
19:35 Gold Mining
21:20 Padded Archer Armor
21:15 Crossbowman
21:54 Bodkin Arrow
22:19 Stone Mining
22:45 Bow Saw
23:29 Ballistics
24:21 Husbandry
24:39 Town Watch
27:43 Horse Collar
29:43 Leather Archer Armor
34:42 Wheelbarrow
Chim cu đi tắm
0:31 Loom
9:22 Feudal Age
10:51 Double-Bit Axe
13:58 Horse Collar
18:06 Castle Age
16:58 Gold Mining
18:21 Scale Barding Armor
21:04 Bow Saw
21:37 Heavy Plow
25:44 Wheelbarrow
28:11 Bloodlines
28:02 Husbandry
31:26 Imperial Age
29:14 Stone Mining
30:00 Fletching
31:48 Hand Cart
31:53 Bodkin Arrow
33:04 Bracer
33:33 Ballistics
35:34 Chemistry
35:44 Gold Shaft Mining
Darkwynn
0:29 Loom
8:23 Feudal Age
9:05 Double-Bit Axe
14:13 Fletching
16:46 Horse Collar
22:26 Castle Age
25:50 Bodkin Arrow
26:48 Medium Warships
34:30 Imperial Age
37:05 Wheelbarrow
36:16 Town Watch
Brisingr
0:31 Loom
9:47 Feudal Age
15:54 Fletching
18:57 Castle Age
18:58 Gold Mining
19:20 Horse Collar
19:25 Double-Bit Axe
20:07 Bodkin Arrow
20:26 Bow Saw
21:00 Medium Warships
23:26 Ballistics
26:09 Wheelbarrow
25:49 Town Watch
26:24 Heavy Plow
27:14 Careening
29:01 Clinker Construction
33:49 Imperial Age
32:17 Hand Cart
35:07 Heavy Warships
35:50 Chemistry
36:05 Conscription
36:49 Two-Man Saw
36:20 Crop Rotation
36:19 Carvel Hull
37:43 Scale Barding Armor
tom-gonz
0:32 Loom
9:21 Feudal Age
13:42 Double-Bit Axe
20:23 Castle Age
19:24 Gold Mining
19:18 Horse Collar
21:24 Medium Warships
22:23 Bloodlines
22:21 Scale Barding Armor
23:16 Bow Saw
23:47 Chain Barding Armor
23:43 Forging
24:39 Chain Barding Armor
28:08 Iron Casting
28:11 Wheelbarrow
29:26 Hand Cart
34:50 Imperial Age
32:28 Stone Mining
33:30 Scale Mail Armor
33:53 Ballistics
33:44 Husbandry
33:18 Light Cavalry
35:26 Gold Shaft Mining
36:22 Plate Barding Armor
35:19 Heavy Scorpion
37:44 Chemistry
Mr Greed
0:29 Loom
8:57 Feudal Age
9:27 Double-Bit Axe
13:00 Fletching
16:38 Horse Collar
21:58 Castle Age
20:37 Gold Mining
22:51 Bow Saw
23:06 Medium Warships
22:53 Bodkin Arrow
26:46 Heavy Plow
34:30 Imperial Age
37:08 Heavy Warships
36:44 Bracer
Connection lost

Rejoining the realm…

Still unreachable

The connection could not be restored.

Session expired

The server has moved on; the page needs a fresh start.